TOP OF THE 1ST |
Washington Nationals batting - Pitching for Miami Marlins : RHP Link Zeller
|
Pitching: RHP Link Zeller
|
|
Batting: RHB Tommy Baird
|
0-0: Ball 1-0: Swinging Strike 1-1: Foul Ball, location: 2F 1-2: Ball 2-2: Foul Ball, location: 2F 2-2: Strikes out swinging
|
Batting: RHB Dave Vargas
|
0-0: Called Strike 0-1: Ball 1-1: Fly out, F9 (Flyball, 9D, EV 81.2 MPH)
|
Batting: LHB Seth Cook
|
0-0: Foul Ball, location: 2F 0-1: Ball 1-1: Ball 2-1: Swinging Strike 2-2: Ground out 4-3 (Groundball, 4, EV 88.1 MPH)
|
Top of the 1st over - 0 runs, 0 hits, 0 errors, 0 left on base; Washington 0 - Miami 0 |
BOTTOM OF THE 1ST |
Miami Marlins batting - Pitching for Washington Nationals : RHP Wayne McAllister
|
Pitching: RHP Wayne McAllister
|
|
Batting: RHB Roger Salazar
|
0-0: Called Strike 0-1: Swinging Strike 0-2: Ball 1-2: Ball 2-2: Ball 3-2: Base on Balls
|
Batting: RHB Matt Thompson
|
0-0: Ball 1-0: Ball 2-0: Sac Bunt to 5S - play at first, batter OUT! 5-3 Roger Salazar to second
|
Batting: LHB Andre Gorter
|
0-0: Foul Ball, location: 2F 0-1: Fly out, F8 (Line Drive, 8RM, EV 101.2 MPH)
|
Batting: LHB Adam Durgin
|
0-0: Ball 1-0: SINGLE (Line Drive, 89S, EV 88.1 MPH) Roger Salazar to third Runner from 3rd tries for Home, SAFE, throw by RF to home
|
Batting: RHB Jimmy Groseclose
|
0-0: Ball 1-0: Foul Ball, location: 2F 1-1: Foul Ball, location: 2F 1-2: Ball 2-2: Fielders Choice at 2nd, 6-4 (Groundball, 6, EV 78.8 MPH)
|
Bottom of the 1st over - 1 run, 1 hit, 0 errors, 1 left on base; Washington 0 - Miami 1 |
TOP OF THE 2ND |
Washington Nationals batting - Pitching for Miami Marlins : RHP Link Zeller
|
Batting: RHB Kirk Arp
|
0-0: SINGLE (Line Drive, 56, EV 96.9 MPH)
|
Batting: LHB Emmanuel Gaskin
|
0-0: Ball 1-0: Grounds into double play, 4-6-3 (Groundball, 4, EV 105.6 MPH)
|
Batting: RHB John Sanders
|
0-0: Ball 1-0: Swinging Strike 1-1: SINGLE (Groundball, 4MD, EV 101.9 MPH)
|
Batting: LHB Kyung-jin Cho
|
0-0: 2-RUN HOME RUN (Flyball, 9D, EV 96.9 MPH), Distance : 368 ft
|
Batting: LHB Griffin Ferris
|
0-0: Foul Ball, location: 2F 0-1: Ball 1-1: Ball 2-1: Ball 3-1: Swinging Strike 3-2: Foul Ball, location: 2F 3-2: Strikes out looking
|
Top of the 2nd over - 2 runs, 3 hits, 0 errors, 0 left on base; Washington 2 - Miami 1 |
BOTTOM OF THE 2ND |
Miami Marlins batting - Pitching for Washington Nationals : RHP Wayne McAllister
|
Batting: RHB Bert Clark
|
0-0: Fly out, F6 (Popup, 6M, EV 72.5 MPH)
|
Batting: RHB Mike Gar
|
0-0: Ball 1-0: Ball 2-0: Foul Ball, location: 2F 2-1: Called Strike 2-2: Ball 3-2: Base on Balls
|
Batting: RHB Tony Stedman
|
0-0: Grounds into double play, 4-6-3 (Groundball, 34D, EV 85.0 MPH)
|
Bottom of the 2nd over - 0 runs, 0 hits, 0 errors, 0 left on base; Washington 2 - Miami 1 |
TOP OF THE 3RD |
Washington Nationals batting - Pitching for Miami Marlins : RHP Link Zeller
|
Batting: SHB Dylan Novakowski
|
0-0: Called Strike 0-1: Ball 1-1: Ball 2-1: Foul Ball, location: 2F 2-2: Foul Ball, location: 2F 2-2: SINGLE (Line Drive, 34, EV 102.5 MPH)
|
Batting: RHB Tommy Baird
|
0-0: Called Strike Dylan Novakowski is caught stealing 2nd base 2-4 0-1: Ball 1-1: Ball 2-1: Ground out U3 (Groundball, 3, EV 100.0 MPH)
|
Batting: RHB Dave Vargas
|
0-0: Ground out 4-3 (Groundball, 4, EV 88.1 MPH)
|
Top of the 3rd over - 0 runs, 1 hit, 0 errors, 0 left on base; Washington 2 - Miami 1 |
BOTTOM OF THE 3RD |
Miami Marlins batting - Pitching for Washington Nationals : RHP Wayne McAllister
|
Batting: RHB Willie Chavez
|
0-0: Ball 1-0: Foul Ball, location: 2F 1-1: Foul Ball, location: 2F 1-2: SINGLE (Groundball, 4MD, EV 98.8 MPH)
|
Batting: RHB Roger Salazar
|
0-0: Ball 1-0: Swinging Strike 1-1: Fly out, F4 (Popup, 4M, EV 64.4 MPH)
|
Batting: RHB Matt Thompson
|
0-0: Swinging Strike 0-1: Foul Ball, location: 2F 0-2: Foul Ball, location: 2F 0-2: Ball 1-2: Ball 2-2: Strikes out swinging
|
Batting: LHB Andre Gorter
|
0-0: Ball 1-0: Foul Ball, location: 2F 1-1: Called Strike 1-2: Ball 2-2: Ball 3-2: Foul Ball, location: 2F 3-2: Ground out U3 (Groundball, 3, EV 105.6 MPH)
|
Bottom of the 3rd over - 0 runs, 1 hit, 0 errors, 1 left on base; Washington 2 - Miami 1 |
TOP OF THE 4TH |
Washington Nationals batting - Pitching for Miami Marlins : RHP Link Zeller
|
Batting: LHB Seth Cook
|
0-0: Ball 1-0: Foul Ball, location: 2F 1-1: Called Strike 1-2: Ground out 5-3 (Groundball, 56, EV 90.6 MPH)
|
Batting: RHB Kirk Arp
|
0-0: Ground out 6-3 (Groundball, 56, EV 89.4 MPH)
|
Batting: LHB Emmanuel Gaskin
|
0-0: Ball 1-0: Called Strike 1-1: Foul Ball, location: 2F 1-2: Foul Ball, location: 2F 1-2: Ball 2-2: Ball 3-2: Foul Ball, location: 2F 3-2: Foul Ball, location: 2F 3-2: Foul Ball, location: 2F 3-2: Base on Balls
|
Batting: RHB John Sanders
|
0-0: Foul Ball, location: 2F 0-1: SINGLE (Line Drive, 34D, EV 93.8 MPH) Emmanuel Gaskin to second Runner from 2nd tries for 3rd, OUT! 9-5
|
Top of the 4th over - 0 runs, 1 hit, 0 errors, 1 left on base; Washington 2 - Miami 1 |
BOTTOM OF THE 4TH |
Miami Marlins batting - Pitching for Washington Nationals : RHP Wayne McAllister
|
Batting: LHB Adam Durgin
|
0-0: Ground out 4-3 (Groundball, 34D, EV 104.4 MPH)
|
Batting: RHB Jimmy Groseclose
|
0-0: Foul Ball, location: 2F 0-1: Hit by Pitch
|
Batting: RHB Bert Clark
|
0-0: Ball 1-0: Fielders Choice at 2nd, 1-6 (Groundball, 13, EV 72.5 MPH)
|
Batting: RHB Mike Gar
|
0-0: Ground out 4-3 (Groundball, 34, EV 78.1 MPH)
|
Bottom of the 4th over - 0 runs, 0 hits, 0 errors, 1 left on base; Washington 2 - Miami 1 |
TOP OF THE 5TH |
Washington Nationals batting - Pitching for Miami Marlins : RHP Link Zeller
|
Batting: LHB Kyung-jin Cho
|
0-0: Called Strike 0-1: Ball 1-1: Ball 2-1: Ball 3-1: Base on Balls
|
Batting: LHB Griffin Ferris
|
0-0: Called Strike 0-1: Foul Ball, location: 2F 0-2: Ball 1-2: Ball 2-2: Grounds into double play, 4-6-3 (Groundball, 4, EV 90.6 MPH)
|
Batting: SHB Dylan Novakowski
|
0-0: Ground out 4-3 (Groundball, 4, EV 100.0 MPH)
|
Top of the 5th over - 0 runs, 0 hits, 0 errors, 0 left on base; Washington 2 - Miami 1 |
BOTTOM OF THE 5TH |
Miami Marlins batting - Pitching for Washington Nationals : RHP Wayne McAllister
|
Batting: RHB Tony Stedman
|
0-0: Ball 1-0: Called Strike 1-1: Foul Ball, location: 2F 1-2: Ball 2-2: Strikes out looking
|
Batting: RHB Willie Chavez
|
0-0: Called Strike 0-1: Swinging Strike 0-2: Strikes out looking
|
Batting: RHB Roger Salazar
|
0-0: SINGLE (Groundball, 56S, EV 71.9 MPH) (infield hit)
|
Batting: RHB Matt Thompson
|
0-0: Ball 1-0: Called Strike 1-1: Ball 2-1: Ball 3-1: Called Strike 3-2: Base on Balls Roger Salazar to second
|
Batting: LHB Andre Gorter
|
0-0: Ball 1-0: Called Strike 1-1: Called Strike 1-2: Ball 2-2: Ball 3-2: SINGLE (Line Drive, 9LS, EV 106.9 MPH) Roger Salazar to third Matt Thompson to second Roger Salazar scores Matt Thompson to third
|
Batting: LHB Adam Durgin
|
0-0: Ball 1-0: SINGLE (Line Drive, 8LS, EV 110.0 MPH) Matt Thompson scores Andre Gorter to second Runner from 2nd tries for 3rd, SAFE, throw by CF made to third
|
Batting: RHB Jimmy Groseclose
|
0-0: Ball 1-0: Called Strike 1-1: Swinging Strike 1-2: Ball 2-2: Ball 3-2: Foul Ball, location: 2F 3-2: Base on Balls Adam Durgin to second
|
Batting: RHB Bert Clark
|
0-0: Ball 1-0: Ball 2-0: Called Strike 2-1: Called Strike 2-2: Foul Ball, location: 2F 2-2: Ball 3-2: Foul Ball, location: 2F 3-2: Base on Balls Andre Gorter scores Adam Durgin to third Jimmy Groseclose to second
|
Batting: RHB Mike Gar
|
0-0: Ball 1-0: Foul Ball, location: 2F 1-1: Foul Ball, location: 2F 1-2: Ball 2-2: Foul Ball, location: 2F 2-2: Ball 3-2: Foul Ball, location: 2F 3-2: Foul Ball, location: 2F 3-2: Foul Ball, location: 2F 3-2: Ground out 5-3 (Groundball, 56, EV 83.1 MPH)
|
Bottom of the 5th over - 3 runs, 3 hits, 0 errors, 3 left on base; Washington 2 - Miami 4 |
TOP OF THE 6TH |
Washington Nationals batting - Pitching for Miami Marlins : RHP Link Zeller
|
Batting: RHB Tommy Baird
|
0-0: Called Strike 0-1: Swinging Strike 0-2: Ball 1-2: Strikes out swinging
|
Batting: RHB Dave Vargas
|
0-0: Fly out, F7 (Flyball, 78S, EV 85.6 MPH)
|
Batting: LHB Seth Cook
|
0-0: Ball 1-0: Fly out, F5 (Popup, 5, EV 78.1 MPH)
|
Top of the 6th over - 0 runs, 0 hits, 0 errors, 0 left on base; Washington 2 - Miami 4 |
BOTTOM OF THE 6TH |
Miami Marlins batting - Pitching for Washington Nationals : RHP Wayne McAllister
|
Batting: RHB Tony Stedman
|
0-0: Ball 1-0: Foul Ball, location: 2F 1-1: Ground out 5-3 (Groundball, 56, EV 88.8 MPH)
|
Batting: RHB Willie Chavez
|
0-0: DOUBLE (Line Drive, 9LS, EV 112.5 MPH)
|
Pitching: RHP Chris Doty
|
|
Batting: RHB Roger Salazar
|
0-0: Called Strike 0-1: Ball 1-1: Hit by Pitch
|
Batting: RHB Matt Thompson
|
0-0: Ball 1-0: Swinging Strike 1-1: Called Strike 1-2: Ball 2-2: Foul Ball, location: 2F 2-2: Foul Ball, location: 2F 2-2: Strikes out swinging
|
Batting: LHB Andre Gorter
|
0-0: Swinging Strike 0-1: Ball 1-1: Ball 2-1: Ball 3-1: Base on Balls Willie Chavez to third Roger Salazar to second
|
Batting: LHB Adam Durgin
|
0-0: Ball 1-0: Swinging Strike 1-1: Ball 2-1: Foul Ball, location: 2F 2-2: Fielders Choice at 2nd, 5-4 (Groundball, 56, EV 78.8 MPH)
|
Bottom of the 6th over - 0 runs, 1 hit, 0 errors, 3 left on base; Washington 2 - Miami 4 |
TOP OF THE 7TH |
Washington Nationals batting - Pitching for Miami Marlins : RHP Link Zeller
|
Batting: RHB Kirk Arp
|
0-0: Ball 1-0: Fly out, F8 (Flyball, 8RM, EV 98.1 MPH)
|
Batting: LHB Emmanuel Gaskin
|
0-0: Ball 1-0: Ball 2-0: Foul Ball, location: 2F 2-1: Ball 3-1: Ground out 5-3 (Groundball, 6, EV 80.0 MPH)
|
Batting: RHB John Sanders
|
0-0: Ball 1-0: Foul Ball, location: 2F 1-1: Called Strike 1-2: Fly out, F9 (Flyball, 89M, EV 96.9 MPH)
|
Top of the 7th over - 0 runs, 0 hits, 0 errors, 0 left on base; Washington 2 - Miami 4 |
BOTTOM OF THE 7TH |
Miami Marlins batting - Pitching for Washington Nationals : RHP Chris Doty
|
Pitching: RHP Seth Bowersox
|
|
Batting: RHB Jimmy Groseclose
|
0-0: Called Strike 0-1: Ball 1-1: Ball 2-1: Ball 3-1: Swinging Strike 3-2: Strikes out looking
|
Batting: RHB Bert Clark
|
0-0: Ball 1-0: SOLO HOME RUN (Flyball, 7LD, EV 100.0 MPH), Distance : 394 ft
|
Batting: RHB Mike Gar
|
0-0: Called Strike 0-1: Ball 1-1: Called Strike 1-2: Ball 2-2: Ball 3-2: Foul Ball, location: 2F 3-2: Foul Ball, location: 2F 3-2: Strikes out swinging
|
Batting: RHB Tony Stedman
|
0-0: Foul Ball, location: 2F 0-1: Ball 1-1: Ball 2-1: SINGLE (Groundball, 6MD, EV 100.0 MPH)
|
Batting: RHB Willie Chavez
|
0-0: Called Strike 0-1: Called Strike 0-2: Strikes out swinging
|
Bottom of the 7th over - 1 run, 2 hits, 0 errors, 1 left on base; Washington 2 - Miami 5 |
TOP OF THE 8TH |
Washington Nationals batting - Pitching for Miami Marlins : RHP Link Zeller
|
Batting: LHB Kyung-jin Cho
|
0-0: Ball 1-0: Called Strike 1-1: Foul Ball, location: 2F 1-2: Foul Ball, location: 2F 1-2: Strikes out swinging
|
Batting: LHB Griffin Ferris
|
0-0: SINGLE (Groundball, 34D, EV 105.0 MPH)
|
Batting: SHB Dylan Novakowski
|
0-0: Ball 1-0: Ball 2-0: Fly out, F4 (Popup, 4, EV 54.4 MPH)
|
Batting: RHB Tommy Baird
|
0-0: Swinging Strike 0-1: Ball 1-1: Foul Ball, location: 2F 1-2: Ball 2-2: Foul Ball, location: 2F 2-2: Ball 3-2: Foul Ball, location: 2F 3-2: Foul Ball, location: 2F 3-2: SINGLE (Line Drive, 56D, EV 101.2 MPH) Griffin Ferris to second Griffin Ferris to third
|
Batting: RHB Dave Vargas
|
0-0: Ball 1-0: Ball 2-0: Fly out, F8 (Flyball, 8RD, EV 83.1 MPH)
|
Top of the 8th over - 0 runs, 2 hits, 0 errors, 2 left on base; Washington 2 - Miami 5 |
BOTTOM OF THE 8TH |
Miami Marlins batting - Pitching for Washington Nationals : RHP Seth Bowersox
|
Pitching: RHP Gareth Cutts
|
|
Batting: RHB Roger Salazar
|
0-0: Called Strike 0-1: Ball 1-1: Hit by Pitch
|
Batting: RHB Matt Thompson
|
0-0: Called Strike Roger Salazar steals 2nd base 0-1: Ball 1-1: Ball 2-1: Fly out, F8 (Line Drive, 8RM, EV 93.8 MPH)
|
Batting: LHB Andre Gorter
|
0-0: Intentional Walk
|
Batting: LHB Adam Durgin
|
0-0: Hit by Pitch Roger Salazar to third Andre Gorter to second
|
Batting: RHB Jimmy Groseclose
|
0-0: Ball 1-0: Called Strike 1-1: Foul Ball, location: 2F 1-2: Ball Wild Pitch! Roger Salazar scores Andre Gorter to third Adam Durgin to second 2-2: Strikes out swinging
|
Batting: RHB Bert Clark
|
0-0: Intentional Walk
|
Batting: RHB Mike Gar
|
0-0: Swinging Strike 0-1: Foul Ball, location: 2F 0-2: Ball 1-2: Ball 2-2: Foul Ball, location: 2F 2-2: Foul Ball, location: 2F 2-2: Strikes out swinging
|
Bottom of the 8th over - 1 run, 0 hits, 0 errors, 3 left on base; Washington 2 - Miami 6 |
TOP OF THE 9TH |
Washington Nationals batting - Pitching for Miami Marlins : RHP Link Zeller
|
Batting: LHB Seth Cook
|
0-0: Ball 1-0: Called Strike 1-1: Ball 2-1: Fly out, F4 (Popup, 4, EV 71.2 MPH)
|
Batting: RHB Kirk Arp
|
0-0: Ball 1-0: Foul Ball, location: 2F 1-1: SINGLE (Groundball, 56D, EV 98.1 MPH)
|
Batting: LHB Emmanuel Gaskin
|
0-0: Ball 1-0: Foul Ball, location: 2F 1-1: Foul Ball, location: 2F 1-2: SINGLE (Groundball, 34S, EV 67.5 MPH) (infield hit) Kirk Arp to second
|
Pitching: RHP Kwang-sik Kim
|
|
Batting: RHB John Sanders
|
0-0: Called Strike 0-1: Swinging Strike 0-2: Strikes out swinging
|
Batting: LHB Kyung-jin Cho
|
0-0: Called Strike 0-1: Called Strike 0-2: SINGLE (Groundball, 34S, EV 66.9 MPH) (infield hit) Kirk Arp to third Emmanuel Gaskin to second
|
Batting: LHB Griffin Ferris
|
0-0: Ball 1-0: Fielders Choice at 2nd, 6-4 (Groundball, 6, EV 88.8 MPH)
|
Top of the 9th over - 0 runs, 3 hits, 0 errors, 3 left on base; Washington 2 - Miami 6 |
|